 Dungeon Crawl Stone Soup version 0.19.5 (webtiles) character file.

121 vatarom the Firebug (level 4, -1/24 HPs)
             Began as a Deep Elf Fire Elementalist on Mar 13, 2017.
             Killed from afar by an orc wizard (8 damage)
             ... with a magic dart
             ... on level 3 of the Dungeon.
             The game lasted 00:07:31 (2819 turns).

vatarom the Firebug (Deep Elf Fire Elementalist)    Turns: 2819, Time: 00:07:31

Health: -1/24      AC:  4    Str:  6    XL:     4   Next: 77%
Magic:  5/10       EV: 13    Int: 20    God:
Gold:   95         SH:  0    Dex: 15    Spells: 4 memorised, 0 levels left

rFire  . . .     SeeInvis .     e - +0 spear (curse)
rCold  . . .     Gourm    .     a - +0 robe
rNeg   . . .     Faith    .     (no shield)
rPois  .         Spirit   .     n - +1 hat
rElec  .         Reflect  .     (no cloak)
rCorr  .         Harm     .     (no gloves)
MR     .....                    d - +0 pair of boots
Stlth  +++.......               (no amulet)
                                (no ring)
                                h - ring of stealth

@: no status effects
A: no striking features
a: no special abilities


You were on level 3 of the Dungeon.
You were very full.

You visited 1 branch of the dungeon, and saw 3 of its levels.

You collected 95 gold pieces.

Inventory:

Hand Weapons
 e - a cursed +0 spear (weapon)
 g - a +1 short sword of venom
Armour
 a - a +0 robe (worn)
 d - a +0 pair of boots (worn)
 n - a +1 hat (worn)
Jewellery
 h - a ring of stealth (left hand)
Scrolls
 j - a scroll of amnesia
 l - a scroll of teleportation
 q - 2 scrolls of enchant weapon
 r - a scroll of identify
Potions
 i - a potion of flight
 p - a potion of curing
Books
 b - a book of Flames

   Spells                             Type                      Level
   a - Flame Tongue                   Conjuration/Fire             1
   b - Throw Flame                    Conjuration/Fire             2
   c - Conjure Flame                  Conjuration/Fire             3
   d - Inner Flame                    Hexes/Fire                   3
   e - Sticky Flame                   Conjuration/Fire             4
   f - Fireball                       Conjuration/Fire             5
Comestibles
 c - 2 bread rations
 f - a fruit
 k - a meat ration
 m - a slice of pizza
 o - a royal jelly


   Skills:
 - Level 2.4 Dodging
 - Level 2.4 Stealth
 - Level 3.0 Spellcasting
 - Level 1.1 Conjurations
 + Level 6.1 Fire Magic


You couldn't memorise any spells.
You knew the following spells:

 Your Spells              Type           Power        Failure   Level  Hunger
a - Flame Tongue          Conj/Fire      ###..        3%          1    None
b - Throw Flame           Conj/Fire      ###...       6%          2    ##.....
c - Conjure Flame         Conj/Fire      ###.....     12%         3    ###....
d - Inner Flame           Hex/Fire       ###.....     14%         3    ###....


Dungeon Overview and Level Annotations

Branches:
Dungeon (3/15)

Altars:


Message History

Confirm with . or Enter, or press ? or * to list all spells.
Aiming: Flame Tongue
Press: ? - help, Shift-Dir - straight line, f/p - orc priest
Aim: an orc priest, wielding a short sword of freezing and wearing a ring mail (severely wounded)
The flame tongue hits the orc priest.
You kill the orc priest!
Your Fire Magic skill increases to level 6!
The orc wizard gestures at you while chanting.
The magic dart hits you!
* * * LOW HITPOINT WARNING * * *
Casting: Flame Tongue
Confirm with . or Enter, or press ? or * to list all spells.
Aiming: Flame Tongue
Press: ? - help, Shift-Dir - straight line, f - orc wizard
Aim: an orc wizard, wielding a dagger and wearing a robe (fast)
The flame tongue hits the orc wizard.
The orc wizard is moderately wounded.
The orc wizard casts a spell at you. The magic dart hits you!
You die...

### ..#
.# .##
..#
.########
#.#
....o)).#
#.#####
#@#
#.....#
#.#
#.###.#
####.#
#.#
#....#
..#
###.####
..# ..#.#
#.# #.#.#
#.# #.#.#
#.. #.#.#


You could see an orc wizard.

Vanquished Creatures
  An orc priest (D:3)
  2 adders (D:2)
  A worm (D:2)
  5 dart slugs
  2 leopard geckos
  An orc (D:3)
  3 giant cockroaches
  8 goblins
  6 hobgoblins
  A ball python (D:2)
  7 bats
  3 frilled lizards
  15 kobolds
  7 rats
62 creatures vanquished.

Vanquished Creatures (others)
  A plant (D:2)
1 creature vanquished.

Grand Total: 63 creatures vanquished

Notes
Turn   | Place    | Note
-------+----------+-------------------------------------------
     0 | D:1      | vatarom the Deep Elf Fire Elementalist began the quest for the Orb.
     0 | D:1      | Reached XP level 1. HP: 10/10 MP: 6/6
   442 | D:1      | Reached XP level 2. HP: 15/15 MP: 6/8
   444 | D:1      | Reached skill level 4 in Fire Magic
   637 | D:1      | Learned a level 2 spell: Throw Flame
  1317 | D:2      | Reached XP level 3. HP: 9/19 MP: 1/9
  1553 | D:2      | Reached skill level 5 in Fire Magic
  1792 | D:2      | Learned a level 3 spell: Conjure Flame
  1946 | D:2      | Reached XP level 4. HP: 24/24 MP: 7/10
  2256 | D:3      | Learned a level 3 spell: Inner Flame
  2818 | D:3      | Reached skill level 6 in Fire Magic
  2819 | D:3      | Killed from afar by an orc wizard

Skill      XL: |  1  2  3  4 |
---------------+-------------+-----
Fire Magic     | 4 5 6 |  6.1
Dodging        | |  2.4
Stealth        | |  2.4
Spellcasting   | |  3.0
Conjurations   | |  1.1

Action                   |  1- 3 |  4- 6 || total
-------------------------+-------+-------++-------
Melee: Unarmed           |     4 |       ||     4
       Spear             |    11 |   102 ||   113
 Cast: Flame Tongue      |    68 |    32 ||   100
       Throw Flame       |     6 |       ||     6
  Use: Scroll            |     4 |       ||     4
       Potion            |     3 |       ||     3
 Stab: Sleeping          |     1 |     1 ||     2
  Eat: Fruit             |     1 |       ||     1
       Chunk             |     2 |     2 ||     4
       Bread ration      |       |     2 ||     2
Armor: Robe              |    15 |    20 ||    35
Dodge: Dodged            |    29 |    58 ||    87
